Map: 엔디온 잔해

Players

lIlIlIlIlIlI

  • Race: Zerg Zerg
  • League: Grandmaster

llllllllllll (Scarlett) - Winner!

  • Race: Zerg Zerg
  • League: Grandmaster

VOD

Have the link to the VOD?

Description

Time

  • Played on: April 10, 2016, 9:30 a.m.
  • Length: 5:15
Show
View Real Time Build Order
Export as new Build Order

lIlIlIlIlIlI Zerg 

Build Orders: Pool First 

Get SALT Encoding   

  12  0:00  Drone  
  13  0:13  Overlord  
  13  0:18  Drone  
  14  0:23  Extractor, Drone  
  15  0:31  Drone  
  17  0:35  Drone  
  17  0:36  Extractor  
  16  0:45  Drone  
  17  0:51  Spawning Pool  
  17  0:56  Drone  
  17  1:07  Drone  
  18  1:22  Hatchery  
  18  1:25  Drone  
  18  1:29  Drone  
  19  1:37  Metabolic Boost  
  19  1:45  Queen  
  21  1:49  Zergling x2  
  22  1:57  Overlord  
  22  2:06  Extractor, Zergling x2  
  23  2:15  Zergling x2  
  23  2:38  Lair, Drone  
  23  2:39  Queen, Drone x2  
  28  2:44  Drone  
  28  2:47  Drone  
  30  2:54  Overlord  
  30  2:56  Drone x2  
  30  2:57  Drone  
  33  3:06  Overlord  
  33  3:08  Overlord  
  33  3:17  Extractor, Drone  
  33  3:23  Drone  
  34  3:31  Zergling x4  
  36  3:38  Overlord, Spire  
  36  3:39  Drone  
  36  3:40  Drone x2  
  38  3:43  Zergling x2  
  38  3:44  Extractor  
  38  3:46  Zergling x2  
  39  3:49  Zergling x2  
  39  3:51  Zergling x2  
  39  3:55  Zergling x2  
  42  3:56  Zergling x2  
  42  4:02  Overlord  
  43  4:05  Zergling x2  
  43  4:09  Drone x2  
  46  4:12  Drone  
  48  4:17  Drone x2  
  49  4:27  Overlord  
  49  4:30  Zergling x2  
  48  4:33  Zergling x2  
  48  4:34  Zergling x2  
  50  4:42  Zergling x10  
Show
View Real Time Build Order
Export as new Build Order

llllllllllll Zerg - Winner!

Build Orders: Pool First 

Get SALT Encoding   

  12  0:00  Drone  
  13  0:10  Drone  
  14  0:17  Overlord  
  14  0:25  Extractor, Drone  
  15  0:36  Drone x2  
  15  0:40  Extractor  
  16  0:45  Drone  
  17  0:51  Spawning Pool  
  17  0:55  Drone  
  17  1:06  Drone  
  19  1:18  Drone  
  19  1:22  Hatchery  
  18  1:27  Drone  
  19  1:37  Queen  
  21  1:41  Zergling x2  
  22  1:53  Metabolic Boost  
  22  2:02  Evolution Chamber  
  22  2:03  Drone  
  22  2:04  Overlord  
  22  2:22  Queen  
  23  2:31  Zerg Melee Weapons Level 1  
  23  2:36  Zergling x8  
  27  2:39  Queen  
  29  2:54  Overlord  
  29  3:05  Overlord, Drone x2  
  30  3:06  Drone x2  
  33  3:18  Drone x2  
  33  3:19  Drone  
  36  3:28  Zergling x4  
  36  3:33  Zergling x6  
  41  3:42  Zergling x4  
  43  3:54  Zergling x8  
  47  3:58  Zergling x2  
  47  3:59  Hatchery  
  47  4:03  Zergling x6  
  47  4:09  Zergling x4  
  52  4:25  Overlord  
  52  4:26  Overlord x2  
  52  4:44  Zergling x12  
  54  4:49  Zergling x2  
Tags
 
Add a new tag
Caveats
  • Supply blocks, unpowered buildings, or Contaminate may cause inaccurate times.
  • Supply counts are checked every 10 seconds.